 Dungeon Crawl Stone Soup version 0.24.0-5-g267a8d59f4 (webtiles) character file.

Game seed: 7490548361672736768, levelgen mode: deterministic

1469 Arum the Blocker (level 9, -5/72 HPs)
             Began as a Formicid Fighter on Nov 1, 2019.
             Was an Initiate of Cheibriados.
             Slain by an orc warrior
             ... wielding a +0 flail
              (9 damage)
             ... on level 6 of the Dungeon.
             The game lasted 00:11:34 (7135 turns).

Arum the Blocker (Formicid Fighter)                 Turns: 7135, Time: 00:11:35

Health: -5/72      AC: 13    Str: 30    XL:     9   Next: 6%
Magic:  9/9        EV: 13    Int: 19    God:    Cheibriados [......]
Gold:   256        SH: 13    Dex: 22    Spells: 8/8 levels left

rFire    + . .     SeeInvis +   B - +0 hand axe
rCold    . . .     Gourm    +   c - +0 shield
rNeg     . . .     Faith    .   u - +1 chain mail of Starshine {*Slow rElec rF+ Dex+6} (curse)
rPois    .         Spirit   .   (helmet unavailable)
rElec    +         Reflect  .   y - +0 cloak
rCorr    .         Harm     .   x - +0 pair of gloves
MR       .....                  G - +0 pair of boots
Stlth    ..........             n - amulet of the gourmand
HPRegen  0.22/turn              g - +5 ring of intelligence
MPRegen  0.11/turn              D - ring of teleportation (curse)

@: mighty, brilliant, agile, very slow
A: permanent stasis, dig shafts and tunnels, four strong arms, antennae 3
a: Dig, Shaft Self, Bend Time, Renounce Religion


You were on level 6 of the Dungeon.
You worshipped Cheibriados.
Cheibriados was noncommittal.
You were very full.

You visited 2 branches of the dungeon, and saw 7 of its levels.
You also visited: Sewer.

You collected 406 gold pieces.
You spent 150 gold pieces at shops.

Inventory:

Hand Weapons
 a - a +0 war axe
 r - the +4 rapier "Xibu" {pierce, rF- MR+ Dex+7, unknown}
   (You found it on level 4 of the Dungeon)

   It inflicts extra damage upon your enemies.
   It affects your dexterity (+7).
   It makes you vulnerable to fire.
   It affects your resistance to hostile enchantments.
 B - a +0 hand axe (weapon)
Missiles
 A - a throwing net (quivered)
Armour
 b - a +0 scale mail
 c - a +0 shield (worn)
 u - the cursed +1 chain mail of Starshine (worn) {*Slow rElec rF+ Dex+6}
   (You found it on level 4 of the Dungeon)

   It affects your dexterity (+6).
   It protects you from fire.
   It insulates you from electricity.
   It may slow you when you take damage.
   It has a curse placed upon it.
 x - a +0 pair of gloves (worn)
 y - a +0 cloak (worn)
 G - a +0 pair of boots (worn)
Jewellery
 g - a +5 ring of intelligence (left hand)
 n - an amulet of the gourmand (around neck)
 q - an uncursed ring of magical power
 D - a cursed ring of teleportation (right hand)
 F - an uncursed ring of stealth
Scrolls
 j - 3 scrolls of magic mapping
 k - 8 scrolls of identify
 l - a scroll of immolation {unknown}
 m - a scroll of fear {unknown}
 o - 2 scrolls of amnesia {unknown}
 p - 4 scrolls of remove curse
 s - 2 scrolls of enchant weapon {unknown}
 t - 2 scrolls of teleportation {unknown}
 w - 2 scrolls of fog {unknown}
 C - 2 scrolls of random uselessness {unknown}
 H - a scroll of noise
Potions
 i - a potion of cancellation
Comestibles
 f - 14 rations


   Skills:
 + Level 7.4 Fighting
 + Level 6.4 Axes
 - Level 3.2 Armour
 + Level 8.1 Shields


You had 8 spell levels left.
You didn't know any spells.
Your spell library was empty.

Dungeon Overview and Level Annotations

Branches:
Dungeon (6/15)             Temple (1/1) D:6           Sewer (visited)

Altars:
Ashenzari
Cheibriados
Elyvilon
Fedhas
Gozag
Hepliaklqana
Kikubaaqudgha
Makhleb
Okawaru
Qazlal
Ru
Sif Muna
Uskayaw
Wu Jian
Xom
Yredelemnul
Zin
The Shining One

Shops:
D:6 ?*(


Innate Abilities, Weirdness & Mutations

You cannot be hasted, slowed, berserked, paralysed or teleported.
You can dig through walls and to a lower floor.
Your four strong arms can wield two-handed weapons with a shield.
You have a pair of large antennae on your head. (SInv)


Message History

You block the orc warrior's attack.
Unknown command.
Unknown command.
Unknown command.
Unknown command.
It was a potion of berserk rage.
Your stasis prevents you from going berserk.
The orc wizard gestures wildly while chanting.
The orc wizard blinks!
You block the orc warrior's attack.
It was a potion of brilliance.
You feel clever all of a sudden. The orc warrior barely misses you.
You hit the orc warrior but do no damage.
The orc warrior is moderately wounded.
You feel very mighty all of a sudden. You block the orc warrior's attack.
You slash the orc warrior!
The orc warrior is severely wounded.
The orc warrior hits you with a +0 flail!
You die...

### ##.###...# .#
#..##...# .#
####.##...###.###
.#
#................
.#
##.##.###.###.##
.# #.#..........#
.# # #..........#
## .###..#.###.# #
.......So@..# #
#####.#o#####.# #
#...{.....# #
##...###### ##
#.>.# .# ##..#
.#############...
....÷.......##.##.
#####....∩..##.# .


You could see an orc warrior, an orc wizard and an adder.

Vanquished Creatures
  Prince Ribbit (D:6)
  An orc warrior (D:6)
  Purgy (Sewer)
  A sky beast (D:2)
  A phantom (D:5)
  3 ogres
  A bullfrog (D:6)
  A howler monkey (D:6)
  2 orc priests (D:5)
  2 hounds
  A centaur skeleton (D:5)
  4 orc wizards
  2 worker ants
  A hound skeleton (D:5)
  A howler monkey skeleton (D:4)
  4 gnolls (D:5)
  5 adders
  A shadow imp (D:6)
  2 oozes (D:5)
  2 adder skeletons
  2 worms
  A dart slug (D:4)
  8 leopard geckos
  23 orcs
  11 bats
  6 giant cockroaches
  2 goblins (D:2)
  8 hobgoblins
  6 jackals
  A quokka (D:6)
  2 ball pythons (D:1)
  7 frilled lizards
  10 kobolds
  5 rats
129 creatures vanquished.

Notes
Turn   | Place    | Note
-------+----------+-------------------------------------------
     0 | D:1      | Arum the Formicid Fighter began the quest for the Orb.
     0 | D:1      | Reached XP level 1. HP: 18/18 MP: 1/1
   349 | D:1      | Reached XP level 2. HP: 24/24 MP: 2/2
   383 | D:1      | Found a glowing golden altar of the Shining One.
   408 | D:1      | Became a worshipper of the Shining One
   528 | D:1      | Reached skill level 4 in Shields
   994 | D:2      | Reached XP level 3. HP: 30/30 MP: 3/3
  1230 | D:2      | Noticed a sky beast
  1242 | D:2      | Killed a sky beast
  1242 | D:2      | Reached XP level 4. HP: 18/38 MP: 4/4
  1242 | D:2      | Reached XP level 5. HP: 20/43 MP: 5/5
  2312 | D:3      | Reached skill level 5 in Shields
  2614 | D:3      | Found a shattered altar of Ashenzari.
  2832 | D:3      | Reached * piety under the Shining One
  3189 | D:4      | Reached XP level 6. HP: 43/49 MP: 6/6
  3241 | D:4      | Got a shimmering rapier
  3292 | D:4      | Found a white marble altar of Elyvilon.
  3552 | D:4      | Got a brightly glowing chain mail
  3620 | D:4      | Found a glowing drain.
  3636 | Sewer    | Entered a sewer
  3656 | Sewer    | Noticed Purgy
  3665 | Sewer    | Killed Purgy
  3665 | Sewer    | Reached skill level 5 in Fighting
  3725 | Sewer    | Identified the cursed +1 chain mail of Starshine {*Slow
                  | rElec rF+ Dex+6} (You found it on level 4 of the Dungeon)
  4099 | D:5      | Entered Level 5 of the Dungeon
  4108 | D:5      | Noticed an ogre
  4119 | D:5      | Killed an ogre
  4119 | D:5      | Reached skill level 6 in Shields
  4119 | D:5      | Reached XP level 7. HP: 20/56 MP: 7/7
  4474 | D:5      | Found a hide-covered altar of Uskayaw.
  4584 | D:5      | Found an ornate altar of the Wu Jian Council.
  4774 | D:5      | Reached skill level 5 in Axes
  4926 | D:5      | Reached XP level 8. HP: 21/64 MP: 8/8
  5335 | D:5      | Reached skill level 7 in Shields
  5626 | D:6      | Noticed Prince Ribbit
  6122 | D:6      | Found Jaef's Weapon Boutique.
  6181 | D:6      | Killed Prince Ribbit
  6394 | D:6      | Found a staircase to the Ecumenical Temple.
  6428 | Temple   | Entered the Ecumenical Temple
  6551 | Temple   | Fell from the grace of the Shining One
  6551 | Temple   | Became a worshipper of Cheibriados the Contemplative
  6681 | D:6      | Found Cigg's Magic Scroll Boutique.
  6689 | D:6      | Bought a scroll of remove curse for 39 gold pieces
  6689 | D:6      | Bought a scroll of magic mapping for 45 gold pieces
  6722 | D:6      | Found Heyvej's Assorted Antiques.
  7061 | D:6      | Bought a scroll labeled VOT QE KELU for 22 gold pieces
  7061 | D:6      | Bought a scroll labeled VUIRISS ANEC for 22 gold pieces
  7061 | D:6      | Bought a scroll labeled SUHOTE QUDUUC for 22 gold pieces
  7112 | D:6      | Reached skill level 8 in Shields
  7112 | D:6      | Reached XP level 9. HP: 38/72 MP: 9/9
  7126 | D:6      | HP: 3/72 [orc warrior/+0 flail (15)]
  7135 | D:6      | Slain by an orc warrior

Levels and vault maps discovered:
D:1:      dpeg_arrival_brainrot, layout_rooms, serial_curves, eino_curves_04,
          eino_curves_03, grunt_decor_clamped, tso_metal_star
D:2:      layout_basic
D:3:      layout_basic, nicolae_ashenzari_panopticon, first_ration
D:4:      minmay_evil_eye, layout_basic, nicolae_overflow_hidden_temple,
          portal_sewer_entry_f
D:5:      layout_basic, lemuel_doored_altar, eat_drink_and_be_merry_uskayaw
D:6:      layout_basic, temple_pool_b, serial_shops, shop_scrolls, shop,
          kennysheep_mini, shop, uniq_prince_ribbit1
Temple:   jpeg_temple_clearing

Skill      XL: |  1  2  3  4  5  6  7  8 |
---------------+-------------------------+-----
Shields        | 4 5 6 8 |  8.1
Fighting       | 4 5 6 7 |  7.4
Axes           | 3 4 5 6 |  6.4
Armour         | |  3.2

Action                   |  1- 3 |  4- 6 |  7- 9 || total
-------------------------+-------+-------+-------++-------
Melee: War axe           |   108 |   128 |    58 ||   294
       Hand axe          |       |       |   187 ||   187
Throw: Throwing net      |       |       |     1 ||     1
 Abil: Dig               |     1 |     2 |       ||     3
  Use: Scroll            |       |     1 |     1 ||     2
       Potion            |       |     1 |     9 ||    10
  Eat: Chunk             |     1 |     8 |    18 ||    27
Armor: Scale mail        |    69 |    51 |    43 ||   163
       Chain mail        |       |       |    30 ||    30
Dodge: Dodged            |    41 |    48 |    49 ||   138
Block: Shield            |    74 |    71 |   140 ||   285
